 Dungeon Crawl Stone Soup version 0.19-GnollCrawlA-1-g03664ee (webtiles) character file.

719 BlinkFrog the Skirmisher (level 1, -6/19 HPs)
             Began as a Centaur Berserker on Sept 3, 2016.
             Was a Believer of Trog.
             Mangled by a gnoll
             ... wielding a +0 flail
              (7 damage)
             ... on level 3 of the Dungeon.
             The game lasted 00:32:41 (5210 turns).

BlinkFrog the Skirmisher (Centaur Berserker)        Turns: 5210, Time: 00:32:42

Health: -6/19      AC:  7    Str: 19    XL:     1   Next: 0%
Magic:  1/1        EV:  8    Int: 11    God:    Trog [**....]
Gold:   109        SH:  0    Dex:  8    Spells: 0 memorised, 0 levels left

rFire  . . .     SeeInvis .     a - +0 spear (freeze)
rCold  . . .     Gourm    .     g - +0 ring mail
rNeg   . . .     Faith    .     (no shield)
rPois  +         Spirit   .     (no helmet)
rElec  .         Dismiss  .     p - +0 cloak
rCorr  .         Reflect  .     l - +0 pair of gloves (curse)
SustAt .         Harm     .     (no barding)
MR     ++...                    (no amulet)
Stlth  ..........               (no ring)
                                (no ring)

@: brilliant, exhausted, very slightly contaminated, regenerating, hasted and
slowed, very quick
A: hooves 3, deformed body, speed 2, poison resistance, tough skin 3
a: Berserk, Trog's Hand, Burn Spellbooks, Renounce Religion


You were on level 3 of the Dungeon.
You worshipped Trog.
Trog was pleased with you.
You were completely stuffed.

You visited 1 branch of the dungeon, and saw 3 of its levels.

You collected 109 gold pieces.

Inventory:

Hand Weapons
 a - a +0 spear of freezing (weapon)
   (You took it off a gnoll on level 3 of the Dungeon)
Missiles
 b - 74 stones (quivered)
 d - 87 arrows
 m - 11 poisoned needles
 s - 5 needles of confusion
 w - 6 needles of sleeping
Armour
 g - a +0 ring mail (worn)
   (You found it on level 1 of the Dungeon)
 l - a cursed +0 pair of gloves (worn)
   (You found it on level 1 of the Dungeon)
 p - a +0 cloak (worn)
   (You found it on level 2 of the Dungeon)
Scrolls
 c - a scroll of enchant armour {unknown}
 e - a scroll of recharging {unknown}
 f - 2 scrolls of fear
 h - a scroll of fog
 i - 2 scrolls of identify {unknown}
 j - a scroll of teleportation {unknown}
 q - a scroll of enchant weapon {unknown}
 t - a scroll of remove curse {unknown}
Potions
 k - a potion of lignification {unknown}
 u - a potion of curing {unknown}
 v - a potion of flight {unknown}


   Skills:
 + Level 3.0 Fighting
 + Level 2.6 Polearms
 + Level 1.3 Armour
 + Level 1.3 Dodging


You couldn't memorise any spells.
You didn't know any spells.

Dungeon Overview and Level Annotations

Branches:
Dungeon (3/15)             Temple (0/1) D:2

Altars:
Ru


Innate Abilities, Weirdness & Mutations

You have hooves in place of feet.
Armour fits poorly on your strangely shaped body.
You cover ground very quickly.
You have extremely tough skin. (AC +3)
Your system is resistant to poisons. (rPois)


Message History

* * * LOW HITPOINT WARNING * * *
You gnoll very lightly contaminated with residual magic.
Unknown command.
It was a potion of beneficial mutation.
You feel resistant to poisons.
You feel fantastic! The gnoll barely gnolls you. The gnoll barely misses you.
It was a potion of brilliance.
You feel clever all of a sudden.
You feel the effects of Trog's Hand fading.
The gnoll barely misses you. The gnoll completely misses you.
You closely miss the gnoll.
The gnoll is moderately wounded.
The gnoll hits you but does no damage. The gnoll hits you with a whip.
* * * LOW HITPOINT WARNING * * *
You closely miss the gnoll. Your kick misses the gnoll.
The gnoll is moderately wounded.
The gnoll hits you with a gnoll.
* * * LOW HITPOINT WARNING * * *
The gnoll hits you with a flail!
You die...

.# ##.####.## #.....# #.## .#
#.# #.# #.##)## ##.## .# #.# #.#
#.##.# #.... .## #.# #.# #.##)#
######...# ..###.# #.# #.##g#
#........# #.....####.# #.##.#
#.#....... ..#......#.#
#.##............. .##.####.#.#
####g#######........ .##.# #.#)#
#.g@.# #.###...# ....#
#.#.###.#### #.# #...#
....#####.))...# #.# #...#
#.......g...#..# #.####.##
####.....####### g..###.#
#..#.....#..#..# ..[....#
#..#..#..#..#..#########...#####
...'..#..'................#
..#########...............#


You could see 2 gnolls.

Vanquished Creatures
  72 gnolls
72 creatures vanquished.

Notes
Turn   | Place    | Note
-------+----------+-------------------------------------------
     0 | D:1      | BlinkFrog the Centaur Berserker began the quest for the Orb.
     0 | D:1      | Reached XP level 1. HP: 19/19 MP: 1/1
  2574 | D:2      | Reached ** piety under Trog
  3888 | D:2      | Found a staircase to the Ecumenical Temple.
  4541 | D:3      | Found a sacrificial altar of Ru.
  5207 | D:3      | Gained mutation: Your system is resistant to poisons. (rPois) [potion of beneficial mutation]
  5210 | D:3      | Mangled by a gnoll

Action                   || total
-------------------------++-------
Melee: Spear             ||   312
       Kick              ||    14
Throw: Stone             ||     6
Invok: Berserk           ||    36
       Trog's Hand       ||     1
  Use: Potion            ||     3
       Scroll            ||     2
  Eat: Bread ration      ||     1
       Beef jerky        ||     1
Armor: Ring mail         ||    19
Dodge: Dodged            ||    43

Table legend:
 A = Turns spent in this place as a percentage of turns spent in the entire game.
 B = Non-inter-level travel turns spent in this place as a percentage of non-inter-level travel turns spent in the entire game.
 C = Inter-level travel turns spent in this place as a percentage of turns spent in this place.
 D = Turns resting spent in this place as a percentage of non-inter-level travel turns spent in this place.
 E = Turns spent auto-exploring this place as a percentage of non-inter-level travel turns spent in this place.
 F = Non-inter-level travel turns spent in this place divided by the number of levels of this place that you've seen.
                   A       B       C       D       E      F
               +-------+-------+-------+-------+-------+----------------------
         Total | 100.0 | 100.0 |   0.3 |  10.2 |   5.7 | 650.3
       Dungeon | 100.0 | 100.0 |   0.3 |  10.2 |   5.7 | 650.3
               +-------+-------+-------+-------+-------+----------------------
Skills: + Level 3.0 Fighting + Level 2.6 Polearms + Level 1.3 Armour + Level 1.3 Dodging You couldn't memorise any spells. You didn't know any spells. Dungeon Overview and Level Annotations Branches: Dungeon (3/15) Temple (0/1) D:2 Altars: Ru Innate Abilities, Weirdness & Mutations You have hooves in place of feet. Armour fits poorly on your strangely shaped body. You cover ground very quickly. You have extremely tough skin. (AC +3) Your system is resistant to poisons. (rPois)
